 Dungeon Crawl Stone Soup version 0.27.1 (webtiles) character file.

Game seed: 3333310200712906632

78 Aquadroid the Stinger (level 4, -6/27 HPs)
             Began as an Octopode Venom Mage on Sept 3, 2021.
             Mangled by an ogre (29 damage)
             ... on level 3 of the Dungeon.
             The game lasted 00:15:57 (2027 turns).

Aquadroid the Stinger (Octopode Venom Mage)         Turns: 2027, Time: 00:15:57

Health: -6/27      AC:  1    Str: 13    XL:     4   Next: 36%
Magic:  0/8        EV: 13    Int: 18    God:
Gold:   91         SH:  0    Dex: 12    Spells: 2/8 levels left

rFire    . . .     SeeInvis .   k - +1 short sword (venom)
rCold    . . .     Faith    .   (no shield)
rNeg     . . .     Spirit   .   (helmet restricted)
rPois    .         Reflect  .   (no amulet)
rElec    .         Harm     .   t - +6 ring of strength
rCorr    .         Rampage  .   (no ring)
Will     .....                  (no ring)
Stlth    +++.......             (no ring)
HPRegen  0.09/turn              (no ring)
MPRegen  0.11/turn              (no ring)
                                (no ring)
                                (no ring)

@: no status effects
A: almost no armour, amphibious, 8 rings, camouflage 1, gelatinous body 1,
(nimble swimmer 1), tentacles
a: no special abilities


You were on level 3 of the Dungeon.
You visited 1 branch of the dungeon, and saw 3 of its levels.

You collected 91 gold pieces.

Inventory:

Hand Weapons
 b - a +0 club
 h - a +0 hunting sling
 j - a +0 short sword
 k - a +1 short sword of venom (weapon)
 l - a +0 dagger
 m - a +0 club
 n - a +0 short sword
 r - a +0 dagger
 u - a +0 falchion
 v - a +0 rapier
 w - a +0 falchion
Missiles
 g - 18 stones
 i - 18 sling bullets
 o - 5 atropa-tipped darts
Armour
 f - a +0 ring mail
 x - a +0 chain mail
Jewellery
 t - a +6 ring of strength (left tentacle)
Scrolls
 a - 2 scrolls of amnesia {unknown}
 e - 4 scrolls of identify {unknown}
 p - a scroll of holy word {unknown}
 q - 3 scrolls of enchant weapon {unknown}
Potions
 c - 2 potions of might {unknown}
 d - a potion of experience {unknown}
 s - a potion of lignification {unknown}


   Skills:
 + Level 0.6 Short Blades
 + Level 2.2 Dodging
 + Level 3.4 Stealth
 + Level 2.7 Spellcasting
 + Level 1.3 Transmutations
 + Level 4.6 Poison Magic


You had 2 spell levels left.
You knew the following spells:

 Your Spells              Type           Power      Damage    Failure   Level
a - Sting                 Tmut/Pois      52%        1d5       4%          1
b - Poisonous Vapours     Pois/Air       20%        N/A       10%         2
c - Mephitic Cloud        Conj/Pois/Air  8%         N/A       26%         3

Your spell library contained the following spells:

 Spells                   Type           Power      Damage    Failure   Level
 Freeze                   Ice            8%         1d3       17%         1
 Olgreb's Toxic Radiance  Pois           19%        N/A       26%         4
 Frozen Ramparts          Ice            4%         1d2       45%         3
 Hailstorm                Conj/Ice       2%         3d3       86%         4


Dungeon Overview and Level Annotations

Branches:
Dungeon (3/15)

Altars:


Innate Abilities, Weirdness & Mutations

You cannot wear most types of armour.
You are amphibious.
You can wear up to eight rings at the same time.
Your skin changes colour to match your surroundings (Stealth+).
Your rubbery body absorbs attacks. (AC +1, EV +1)
((You are camouflaged near water. (Stealth+)))
You have tentacles for arms and can constrict up to eight enemies at once.


Message History

w - a +0 falchion;
x - a +0 chain mail A kobold comes into view.
It is wielding a +0 short sword.
An ogre comes into view. It is wielding a +0 giant spiked club.
The ogre shouts!
You hear an angry hiss.
Casting: Sting (safe; 4% risk of failure)
Confirm with . or Enter, or press ? or * to list all spells.
Okay, then.
Casting: Sting (safe; 4% risk of failure)
Confirm with . or Enter, or press ? or * to list all spells.
Aiming: Poisonous Vapours (safe; 10% risk of failure)
Press: ? - help, Dir - move target, f - ogre
Aim: an ogre, wielding a +0 giant spiked club Poisonous vapours surround the ogre!
The ogre is poisoned.
Casting: Poisonous Vapours (safe; 10% risk of failure)
Confirm with . or Enter, or press ? or * to list all spells.
Aiming: Poisonous Vapours (safe; 10% risk of failure)
Press: ? - help, Dir - move target, f/p - ogre
Aim: an ogre, wielding a +0 giant spiked club (lightly wounded, poisoned) Poisonous vapours surround the ogre!
The ogre looks even sicker.
Casting: Poisonous Vapours (safe; 10% risk of failure)
Confirm with . or Enter, or press ? or * to list all spells.
Aiming: Poisonous Vapours (safe; 10% risk of failure)
Press: ? - help, Dir - move target, f/p - ogre
Aim: an ogre, wielding a +0 giant spiked club (lightly wounded, very poisoned) Poisonous vapours surround the ogre!
The ogre looks even sicker.
Casting: Poisonous Vapours (safe; 10% risk of failure)
Confirm with . or Enter, or press ? or * to list all spells.
You don't have enough magic to cast this spell.
Casting: Poisonous Vapours (safe; 10% risk of failure)
Confirm with . or Enter, or press ? or * to list all spells.
Aiming: Sting (safe; 4% risk of failure)
Press: ? - help, Shift-Dir - straight line, f/p - ogre
Aim: an ogre, wielding a +0 giant spiked club (lightly wounded, very poisoned, 86% to hit)
The sting hits the ogre.
The ogre looks as sick as possible!
The ogre is moderately wounded.
You hit the ogre.
The ogre looks as sick as possible!
The ogre is heavily wounded.
The ogre hits you with a +0 giant spiked club!!
Ouch! That really hurt!
You die...

#.K####.##.#
#..........##...
##......<.^†....#
......#.#######.#
##.####.# # #.#
#.# ##.# #@.#
#O## #.# #.# #.#
#.# ... ...


You could see an ogre (extremely poisoned).

Vanquished Creatures
  2 adders (D:2)
  A dart slug (D:1)
  An orc (D:3)
  5 bats
  3 endoplasms (D:2)
  3 giant cockroaches
  4 goblins
  5 hobgoblins
  7 jackals
  3 kobolds
  3 quokkas (D:1)
  5 ball pythons (D:1)
  5 frilled lizards
  4 rats
51 creatures vanquished.

Notes
Turn   | Place    | Note
-------+----------+-------------------------------------------
     0 | D:1      | Aquadroid the Octopode Venom Mage began the quest for the
                  | Orb.
     0 | D:1      | Reached XP level 1. HP: 11/11 MP: 3/3
    73 | D:1      | Reached skill level 4 in Poison Magic
    73 | D:1      | Reached XP level 2. HP: 9/17 MP: 0/5
   234 | D:1      | Learned a level 2 spell: Poisonous Vapours
   740 | D:1      | Reached XP level 3. HP: 21/21 MP: 2/6
   744 | D:1      | Learned a level 3 spell: Mephitic Cloud
  1480 | D:2      | Found a faded altar of an unknown god.
  1581 | D:2      | Reached XP level 4. HP: 22/27 MP: 5/7
  2020 | D:3      | Noticed an ogre
  2027 | D:3      | Mangled by an ogre

Illustrated notes

Levels and vault maps discovered:
D:1:      minmay_arrival_wavy_path, layout_basic
D:2:      layout_basic, dilly_ecumenical_altar_fadedgnrine
D:3:      layout_loops_ring, uniq_robin, uniq_ijyb

Skill      XL: |  1  2 |
---------------+-------+-----
Poison Magic   | 4 |  4.6
Stealth        | 3 |  3.4
Short Blades   | |  0.6
Dodging        | |  2.2
Spellcasting   | |  2.7
Transmutations | |  1.3

Action                   |  1- 3 |  4- 6 || total
-------------------------+-------+-------++-------
Melee: Club              |    20 |       ||    20
       Constrict         |    15 |     3 ||    18
       Unarmed           |     2 |       ||     2
       Tentacles         |     7 |     3 ||    10
       Short sword       |    20 |    10 ||    30
 Cast: Sting             |    45 |    17 ||    62
       Poisonous Vapours |       |     3 ||     3
Armor: Skin              |     5 |     1 ||     6
Dodge: Dodged            |    32 |     9 ||    41
